[Event "Late-Titled-Tuesday-Blitz-September-05-2023"]
[Site "Chess.com"]
[Date "2023.09.05"]
[Round "1"]
[White "Sibelephant"]
[Black "whiteglovethief"]
[Result "1-0"]
[WhiteElo "3128"]
[BlackElo "2506"]
[TimeControl "180+1"]
[EndTime "14:07:22 PDT"]
[Termination "Sibelephant won by resignation"]

1. Nf3 Nf6 2. g3 g6 3. Bg2 Bg7 4. d4 O-O 5. O-O d6 6. Re1 d5 7. c4 dxc4 8. Na3 c5 9. Nxc4 cxd4 10. Nxd4 Qc7 11. Qb3 e5 12. Nb5 Qe7 13. Qa3 Qxa3 14. bxa3 Be6 15. Ncd6 Nbd7 16. Nc7 Rab8 17. Nxe6 fxe6 18. Bh3 Nc5 19. Be3 Nfd7 20. Red1 e4 21. Rac1 b6 22. Nxe4 Kh8 23. Bxe6 Nxe6 24. Rxd7 Rbc8 25.
Rxc8 Rxc8 26. Rxa7 Nd4 27. Bxd4 Bxd4 28. e3 Bb2 29. Ng5 h5 30. a4 Rc1+ 31. Kg2 Rc2 32. a5 bxa5 33. Rxa5 Bc1 34. Kf3 Bd2 35. Ra6 Be1 36. Ne4 g5 37. Rh6+ Kg7 38. Rxh5 Rd2 39. Nxd2 1-0

[Event "Late-Titled-Tuesday-Blitz-September-05-2023"]
[Site "Chess.com"]
[Date "2023.09.05"]
[Round "1"]
[White "tylityli"]
[Black "PotapovaM"]
[Result "0-1"]
[WhiteElo "2349"]
[BlackElo "2661"]
[TimeControl "180+1"]
[EndTime "14:07:23 PDT"]
[Termination "PotapovaM won on time"]

1. d4 Nf6 2. c4 c5 3. d5 b5 4.
Qc2 bxc4 5. e4 d6 6. Bxc4 g6 7. b3 Bg7 8. Bb2 O-O 9. Nf3 a5 10. O-O Na6 11. a3 Nc7 12. Nbd2 a4 13. b4 cxb4 14. axb4 Bd7 15. b5 Nxb5 16. Rxa4 Rc8 17. Raa1 e6 18. Qd3 Qb6 19. dxe6 fxe6 20. e5 Ne8 21.
Rab1 d5 22. Bb3 Nec7 23. Rfe1 Rf5 24. Nd4 Rf4 25. Nxb5 Qxf2+ 26. Kh1 Bxb5 27. Qe3 Qxe3 28. Rxe3 Rf2 29. Nf3 Na6 30. Kg1 Re2 31. Rxe2 Bxe2 32. Bd1 Bd3 33. Rc1 Rxc1 34. Bxc1 Nc5 35. Be3 Nd7 36.
Bd4 h6 37. Ba4 Nf8 38. Kf2 g5 39. h3 Ng6 40. Ke3 Be4 41. Bd7 Kf7 0-1

[Event "Late-Titled-Tuesday-Blitz-September-05-2023"]
[Site "Chess.com"]
[Date "2023.09.05"]
[Round "1"]
[White "AlexNovitz"]
[Black "cande_francisco"]
[Result "0-1"]
[WhiteElo "2242"]
[BlackElo "2561"]
[TimeControl "180+1"]
[EndTime "14:07:23 PDT"]
[Termination "cande_francisco won on time"]

1. e4 c5 2. Nf3 g6 3. d4 cxd4 4. Nxd4 Bg7 5. c4 Nc6 6. Be3 Nf6 7. Nc3 d6 8. Be2 O-O 9. O-O Nxd4 10. Bxd4 Bd7 11. Rc1 Bc6 12. Qd3 a5 13. h3 Nd7 14.
Bxg7 Kxg7 15. f4 Qb6+ 16. Kh1 Qxb2 17. Bf3 Qa3 18. Qd4+ Kg8 19. Nd5 Bxd5 20. exd5 Qc5 21. Qe4 Rfe8 22. f5 Nf6 23. Qb1 Rab8 24. a4 Qd4 25. fxg6 hxg6 26. Rfe1 Kg7 27. Qb5 b6 28. Qb3 Nd7 29. Rc2 Nc5 30. Qa2 Rbc8 31. Rce2 Rc7 32. Qc2 Nd3 33. Rd1 Rxc4 34. Rxd3 Qf4 35. Qb2+ Kg8 36.
Rde3 Rec8 37. Qxb6 Qg3 38. Re1 Rc1 39. Qxa5 Qf2 40. Kh2 R1c2 41. Rxe7 Kg7 42. Re8 R8c5 43. R8e7 Rxa5 0-1

[Event "Late-Titled-Tuesday-Blitz-September-05-2023"]
[Site "Chess.com"]
[Date "2023.09.05"]
[Round "1"]
[White "realburq"]
[Black "RzayevB"]
[Result "0-1"]
[WhiteElo "2377"]
[BlackElo "2691"]
[TimeControl "180+1"]
[EndTime "14:07:24 PDT"]
[Termination "RzayevB won by resignation"]

1. Nf3 Nc6 2. b3 e5 3. d3 d5 4. Bb2 Bd6 5. g3 Nf6 6. Bg2 O-O 7.
O-O a5 8. c4 d4 9. Nbd2 a4 10. Rc1 a3 11. Ba1 Nb4 12. c5 Be7 13. Nxe5 Nxa2 14. Rc4 Nc3 15. Rxc3 dxc3 16. Bxc3 Bxc5 17.
Ndc4 Bd4 18. Qa1 Bxc3 19. Qxc3 Nd5 20. Qd2 f6 21. Nf3 b5 22. Ne3 Nxe3 23. fxe3 Bb7 24. b4 Bxf3 25. Bxf3 Ra4 26. Qa2+ Kh8 27. Rc1 Qe7 28.
Kf2 Re8 29. e4 Rxb4 30. Qxa3 Rxe4 31. Qxe7 R4xe7 32. e3 Rb8 33. Bd5 g6 34. Kf3 f5 35.
d4 Kg7 36. Kf4 b4 37. Bb3 Rb6 38. h4 Kf6 39. Ra1 Rc6 40. Ra8 Re4+ 41. Kf3 Rc3 42. Rf8+ Kg7 43. Rf7+ Kh6 0-1

[Event "Late-Titled-Tuesday-Blitz-September-05-2023"]
[Site "Chess.com"]
[Date "2023.09.05"]
[Round "1"]
[White "rasmussvane"]
[Black "GMZaven"]
[Result "0-1"]
[WhiteElo "2949"]
[BlackElo "2844"]
[TimeControl "180+1"]
[EndTime "14:07:25 PDT"]
[Termination "GMZaven won by checkmate"]

1. Nf3 d5 2. g3 Nc6 3. d4 Bg4 4. Bg2 Qd7 5. h3 Bxf3 6. exf3 O-O-O 7. f4 f5 8. c3 Nf6 9. Nd2 e6 10. O-O h6 11. Nf3 g6 12. b4 g5 13. fxg5 Ne4 14.
Qd3 hxg5 15. b5 Na5 16. Nxg5 Bh6 17. Nf3 Nc4 18. Ne5 Nxe5 19. dxe5 Bxc1 20. Raxc1 Qe7 21.
c4 d4 22. c5 Rd5 23. b6 axb6 24. cxb6 c6 25. Rc4 Rhd8 26. Rd1 Qg7 27. Qa3 Qxe5 28. Qa8+ Qb8 29. Rxc6+ Kd7 30. Qxb8 Rxb8 31. Rc7+ Kd6 32. g4 d3 33. f3 Nc5 34. g5 f4 35. h4 Rh8 36. g6 Rxh4 37. g7 Rg5 38. Kf2 Rh2 39. Rg1 d2 40. Rc8 Rxg7 41. Rd8+ Nd7 42. Ke2 Rgxg2+ 43. Rxg2 Rxg2+ 44. Kd1 Rf2 45. a4 Rxf3 46.
a5 Ra3 47. a6 Rxa6 48. Rc8 Rxb6 49. Rc2 Ke5 50. Kxd2 Rd6+ 51. Ke2 Nf6 52. Kf3 Rd3+ 53. Kg2 f3+ 54. Kh3 Ne4 55. Kh2 Kf4 56. Rb2 Rd2+ 57.
Rxd2 Nxd2 58. Kh3 f2 59. Kh2 Kf3 60. Kh1 f1=Q+ 61. Kh2 Qg2# 0-1

[Event "Late-Titled-Tuesday-Blitz-September-05-2023"]
[Site "Chess.com"]
[Date "2023.09.05"]
[Round "1"]
[White "Taran2004"]
[Black "Babbelbox"]
[Result "1-0"]
[WhiteElo "2382"]
[BlackElo "2649"]
[TimeControl "180+1"]
[EndTime "14:07:25 PDT"]
[Termination "Taran2004 won by resignation"]

1. e4 c6 2. d4 d5 3. e5 Bf5 4. Nf3 e6 5. Be2 h6 6. O-O Ne7 7. a4 c5 8. c4 Nbc6 9. Be3 dxc4 10. Bxc4 Nd5 11. Bxd5 Qxd5 12. Nc3 Qc4 13. Nb5 Rc8 14. dxc5 Bc2 15. Qd2 Bxa4 16. Nd6+ Bxd6 17. cxd6 O-O 18. Rfc1 Qe4 19. Qc3 Bb5 20. Bc5 Rfd8 21. Qe3 Qxe3 22. Bxe3 b6 23. Nd4 Nxd4 24. Bxd4 Rxc1+ 25. Rxc1 Rd7 26. Rc8+ Kh7 27. f4 g5 28. g3 Kg6 29.
Kf2 Kf5 30. Kf3 gxf4 31. gxf4 Ba6 32. Rh8 Bb7+ 33. Ke3 Kg6 34. Rg8+ Kf5 35. b4 Bc6 36. Rc8 Bb5 37. Rg8 a5 38. bxa5 bxa5 39. Ra8 a4 40. Bc5 Bc6 41. Rg8 Rb7 42. Rc8 Bd7 43. Rc7 Rxc7 44. dxc7 Kg4 45. Be7 Kh3 46. Kf3 h5 47.
Bd6 Kxh2 48. f5 exf5 49. e6+ 1-0

[Event "Late-Titled-Tuesday-Blitz-September-05-2023"]
[Site "Chess.com"]
[Date "2023.09.05"]
[Round "1"]
[White "Schattman"]
[Black "GaiozNigalidze"]
[Result "0-1"]
[WhiteElo "2414"]
[BlackElo "2760"]
[TimeControl "180+1"]
[EndTime "14:07:26 PDT"]
[Termination "GaiozNigalidze won on time"]

1. d4 Nf6 2. Nf3 g6 3. g3 Bg7 4. Bg2 O-O 5. O-O d6 6. b3 a6 7. Bb2 Nbd7 8. Re1 c5 9. d5 b5 10.
c4 bxc4 11. bxc4 Rb8 12. Qc1 Qb6 13. Bc3 Re8 14. Nbd2 e6 15. dxe6 fxe6 16. Rb1 Qc7 17.
Rxb8 Nxb8 18. e4 e5 19. Qa3 Nc6 20. Rb1 Bh6 21. h3 Nd4 22. Ba5 Qd7 23. Nxd4 exd4 24.
Re1 Bb7 25. f3 Nh5 26. Nf1 Qf7 27. Qb3 Bc8 28. Qb6 Bf8 29. Qb3 Be6 30. Rc1 Bg7 31. Kh2 Be5 32. f4 Nxf4 33. Re1 Nh5 34. Bd2 Bxc4 35.
Qd1 Qf2 36. Qa4 Bb5 37. Qb3+ c4 38. Qb4 Bxg3+ 39. Kh1 Be5 40. a4 Ng3+ 41. Nxg3 Qxg3 42. Kg1 Rf8 43. Bf4 Qxf4 0-1

[Event "Late-Titled-Tuesday-Blitz-September-05-2023"]
[Site "Chess.com"]
[Date "2023.09.05"]
[Round "1"]
[White "Durarbayli"]
[Black "vidavi"]
[Result "1-0"]
[WhiteElo "2863"]
[BlackElo "2445"]
[TimeControl "180+1"]
[EndTime "14:07:27 PDT"]
[Termination "Durarbayli won on time"]

1. e4 c5 2. Nf3 d6 3. d4 cxd4 4. Nxd4 Nf6 5. Nc3 a6 6. Be2 e5 7. Nb3 Be7 8. Be3 O-O 9. g4 Nfd7 10. h4 b5 11. g5 Bb7 12. Qd2 Nc5 13. Nxc5 dxc5 14.
Nd5 Bxd5 15. exd5 Bd6 16. a4 Nd7 17. axb5 axb5 18. Rxa8 Qxa8 19. Bxb5 Nb6 20. c4 Qa1+ 21. Qc1 Qa5+ 22. Bd2 Qa2 23. Rh3 Ra8 24. h5 e4 25.
g6 fxg6 26. hxg6 h6 27. Kf1 Be5 28. Bc3 Nxc4 29. Bc6 Qa1 30. Qxa1 Rxa1+ 31. Kg2 Rd1 32. Bd7 Kf8 33. Be6 Ke7 34. b3 Bxc3 35. bxc4 Bd4 36.
Rb3 Rd2 37. Rb7+ Kd8 38. d6 Rxf2+ 39. Kg3 Rb2 40. Rd7+ Ke8 41. Kf4 e3 42. Re7+ Kd8 43.
Rc7 Rb8 44. Rf7 1-0

[Event "Late-Titled-Tuesday-Blitz-September-05-2023"]
[Site "Chess.com"]
[Date "2023.09.05"]
[Round "1"]
[White "AradNazari"]
[Black "Quattroporte300"]
[Result "1-0"]
[WhiteElo "2709"]
[BlackElo "2399"]
[TimeControl "180+1"]
[EndTime "14:07:29 PDT"]
[Termination "AradNazari won by checkmate"]

1. e4 c5 2. Nf3 d6 3. Bb5+ Bd7 4. Bxd7+ Qxd7 5. O-O Nc6 6. c3 Nf6 7. Re1 e6 8. d4 cxd4 9. cxd4 Be7 10. Nc3 O-O 11. Bg5 h6 12. Bxf6 Bxf6 13. d5 Ne5 14. Nd4 Rac8 15.
Qb3 Rfe8 16. Rad1 Nc4 17. dxe6 fxe6 18. Nde2 Qc6 19. Rd3 a6 20. Red1 b5 21. a4 bxa4 22. Nxa4 Rb8 23. Qc2 Be7 24. Rc3 d5 25. exd5 exd5 26.
b3 Bf6 27. bxc4 dxc4 28. Rxc4 Qb5 29. Nd4 Qa5 30. g3 Rbd8 31. Nc5 Re1+ 32. Kg2 Rxd1 33. Qxd1 Rc8 34. Ndb3 Qa3 35. Qd5+ Kh8 36. Rf4 Rd8 37.
Qe6 Qb2 38. Qxa6 Qe5 39. Qe6 Qb8 40. Na5 Rd2 41. Nc6 Qa8 42. Ne4 Rc2 43. Rxf6 gxf6 44. Qxf6+ Kh7 45. Qf5+ Kg8 46. Ne7+ Kg7 47. Qf6+ Kh7 48.
Qg6+ Kh8 49. Qxh6# 1-0

[Event "Late-Titled-Tuesday-Blitz-September-05-2023"]
[Site "Chess.com"]
[Date "2023.09.05"]
[Round "1"]
[White "Jahonas"]
[Black "as9killer2"]
[Result "1-0"]
[WhiteElo "2381"]
[BlackElo "2656"]
[TimeControl "180+1"]
[EndTime "14:07:29 PDT"]
[Termination "Jahonas won by resignation"]

1. d4 d5 2. c4 e6 3. Nc3 a6 4. cxd5 exd5 5. Bf4 Nf6 6. e3 Bd6 7. Bxd6 Qxd6 8. Nf3 O-O 9. Be2 Bg4 10. h3 Bxf3 11. Bxf3 Nbd7 12. O-O c6 13. Rc1 Rfe8 14. Qd2 Nb6 15.
b3 h6 16. Qd3 a5 17. Rb1 Qa3 18. Qc2 Re7 19. Rfc1 Rae8 20. Qb2 Qxb2 21. Rxb2 Ra8 22. Rcb1 Ne8 23. Be2 Nd6 24. Bd3 a4 25. bxa4 Nxa4 26.
Nxa4 Rxa4 27. Bc2 Ra3 28. Bb3 b5 29. Rc2 Nc4 30. Rbc1 Rea7 31. g3 Kf8 32. e4 Ke7 33.
exd5 cxd5 34. Re2+ Kd6 35. Re8 Re7 36. Rb8 Ra5 37. Kf1 Kc7 38. Rg8 f6 39. h4 Ra6 40.
a4 bxa4 41. Bxc4 dxc4 42. Rxc4+ Kd6 43. Rc2 a3 44. Ra2 Kd5 45. Rb8 Kxd4 46. Rb3 Rea7 47.
Ke2 Kc4 48. Re3 Ra5 49. Kd2 Re5 50. Raxa3 Rxa3 51. Rxa3 g5 52. hxg5 hxg5 53. Ra6 Rf5 54. Ke2 Kd4 55. Ra4+ Ke5 56. Ra5+ Ke4 57. f3+ Rxf3 58.
Ra4+ Kf5 59. Kxf3 Kg6 60. g4 1-0

[Event "Late-Titled-Tuesday-Blitz-September-05-2023"]
[Site "Chess.com"]
[Date "2023.09.05"]
[Round "1"]
[White "Sjakkerntobi"]
[Black "Matibar"]
[Result "0-1"]
[WhiteElo "2459"]
[BlackElo "2885"]
[TimeControl "180+1"]
[EndTime "14:07:30 PDT"]
[Termination "Matibar won by checkmate"]

1. e4 e6 2. d4 d5 3. Nc3 dxe4 4.
Nxe4 Nd7 5. Nf3 Ngf6 6. Nxf6+ Nxf6 7. Be3 Bd6 8. Bd3 O-O 9. Qe2 b6 10. O-O-O Bb7 11. Ne5 Nd5 12. Bd2 Qh4 13. Qe4 Qxe4 14. Bxe4 f6 15. Nd3 Rab8 16. c4 Nb4 17. Nxb4 Bxe4 18. f3 Bb7 19. Rhe1 Kf7 20. h3 Rbd8 21.
Bc3 h5 22. Nd3 g5 23. Bb4 Rg8 24. Bxd6 cxd6 25. b3 e5 26. d5 g4 27. hxg4 hxg4 28. f4 Bc8 29. fxe5 fxe5 30. Rf1+ Kg6 31. Kd2 Bf5 32. Ke3 Rh8 33. Rh1 Kg5 34. Nb4 a5 35. Nd3 g3 36. Nb2 Bg4 37. Rdf1 Rdf8 38. Rxh8 Rxf1 39.
Rg8+ Kh4 40. Na4 Rf2 41. Nc3 Rxg2 42. Ne4 Re2+ 43. Kd3 g2 44. Rh8+ Bh5 45. Rg8 Rxa2 46.
Nxd6 Bg4 47. Rh8+ Kg3 48. Ne4+ Kf4 49. Rf8+ Bf5 50. Rg8 Bxe4+ 51. Kc3 Rc2# 0-1

[Event "Late-Titled-Tuesday-Blitz-September-05-2023"]
[Site "Chess.com"]
[Date "2023.09.05"]
[Round "1"]
[White "SONOFHOLYGOD"]
[Black "BeautiFullMindChess"]
[Result "0-1"]
[WhiteElo "2612"]
[BlackElo "2342"]
[TimeControl "180+1"]
[EndTime "14:07:30 PDT"]
[Termination "BeautiFullMindChess won by checkmate"]

1. d4 Nf6 2. c4 e6 3. Nf3 d5 4.
g3 h6 5. Bg2 Bd6 6. O-O O-O 7.
Qc2 b6 8. b3 Bb7 9. c5 bxc5 10.
dxc5 Be7 11. Bb2 c6 12. Rd1 Nbd7 13. Bd4 a5 14. a3 Ne4 15. b4 axb4 16. axb4 Rxa1 17. Bxa1 Ba6 18. Nc3 Nxc3 19. Bxc3 Bf6 20. e4 Bxc3 21. Qxc3 Be2 22. Ra1 Bxf3 23. Bxf3 Qb8 24.
exd5 exd5 25. Rb1 Ne5 26. Bg2 Re8 27. b5 cxb5 28. Bxd5 Qd8 29. Bg2 Nc4 30. h3 Qd7 31.
c6 Qf5 32. Rd1 Qc5 33. Kh2 b4 34. Qd3 Ne5 35. Qd6 Qxf2 36. c7 Nf3+ 37. Kh1 Re1+ 38.
Rxe1 Qxe1+ 39. Bf1 Qxf1# 0-1

[Event "Late-Titled-Tuesday-Blitz-September-05-2023"]
[Site "Chess.com"]
[Date "2023.09.05"]
[Round "1"]
[White "laskakid"]
[Black "subham777"]
[Result "0-1"]
[WhiteElo "2225"]
[BlackElo "2550"]
[TimeControl "180+1"]
[EndTime "14:07:31 PDT"]
[Termination "subham777 won by resignation"]

1. d4 d5 2. c4 e6 3. Nc3 Nf6 4. Bg5 Be7 5. e3 O-O 6. Nf3 h6 7. Bxf6 Bxf6 8. Rc1 a6 9. Qc2 Re8 10. Bd3 dxc4 11. Bxc4 b5 12. Bd3 Bb7 13. Be4 Bxe4 14. Nxe4 c6 15. O-O Ra7 16. Qc5 Rc7 17. Qb6 Be7 18. Ne5 Qc8 19. Nc5 f6 20. Ned3 Bd8 21.
Qa5 e5 22. dxe5 fxe5 23. Qc3 Bf6 24. Ne4 Qf5 25. Nxf6+ Qxf6 26. Rfd1 Rf7 27. e4 Ref8 28.
f3 Re8 29. Qd2 Nd7 30. Qe3 Nf8 31. Rc5 Ng6 32. Rdc1 Re6 33. Nb4 Nf4 34. Rxc6 Rxc6 35. Rxc6 Qg5 36. Rc8+ Kh7 37. Qf2 Nh3+ 38. Kf1 Nxf2 39.
Kxf2 Qe7 40. Nd5 Qa7+ 41. Ke2 Qb7 42. Rc5 Rd7 43. b4 Qb8 44. Rc6 Qd8 45. Rf6 gxf6 0-1

[Event "Late-Titled-Tuesday-Blitz-September-05-2023"]
[Site "Chess.com"]
[Date "2023.09.05"]
[Round "1"]
[White "SameerMujumdar"]
[Black "Lennis93"]
[Result "0-1"]
[WhiteElo "2439"]
[BlackElo "2834"]
[TimeControl "180+1"]
[EndTime "14:07:32 PDT"]
[Termination "Lennis93 won by resignation"]

1. e4 c5 2. Nf3 Nc6 3. Bb5 Na5 4. O-O a6 5. Be2 Nc6 6. c3 e6 7. d4 d5 8. e5 Nge7 9. a3 Nf5 10. b4 cxd4 11.
cxd4 Qb6 12. Bb2 Be7 13. Qd3 Bd7 14. Nbd2 O-O 15. Nb3 Na7 16. Qd2 Bb5 17. Nc5 Rfc8 18. Rac1 Bxe2 19. Qxe2 Nc6 20. Rfd1 a5 21. b5 Ncxd4 22.
Bxd4 Nxd4 23. Nxd4 Bxc5 24. Nf3 Bxa3 25. Rb1 a4 26.
Rd4 Rc3 27. Rg4 Rac8 28. h4 Qa5 29. h5 Bc1 30. Kh2 a3 31. Ng5 h6 32. Nf3 a2 33.
Ra1 Rc2 34. Qd3 Bb2 35. Qe3 Kf8 36. Nh4 Bxa1 37. Qf4 R8c4 38. Ng6+ Ke8 39. Qf3 Rxg4 40. Qxg4 Rc4 41. Nf4 Bxe5 42. g3 Bxf4 43. gxf4 a1=Q 44. Qxg7 Qxg7 0-1

[Event "Late-Titled-Tuesday-Blitz-September-05-2023"]
[Site "Chess.com"]
[Date "2023.09.05"]
[Round "1"]
[White "boldpilot22622"]
[Black "PassedPawnMustPushed"]
[Result "1-0"]
[WhiteElo "2530"]
[BlackElo "2135"]
[TimeControl "180+1"]
[EndTime "14:07:38 PDT"]
[Termination "boldpilot22622 won by resignation"]

1. e4 Nf6 2. e5 Ng8 3. d4 d6 4. exd6 cxd6 5. c4 g6 6. Nc3 Bg7 7. Be3 Nc6 8. Rc1 Bf5 9. b3 Qa5 10.
Be2 Nf6 11. Qd2 O-O 12. Nf3 Ne4 13. Nxe4 Bxe4 14. Qxa5 Nxa5 15. O-O a6 16. d5 Bb2 17. Rcd1 b5 18. Bb6 Nb7 19. Rd2 Bc3 20. Rdd1 b4 21.
Nd4 Bxd4 22. Bxd4 Nc5 23. g4 Bc2 24. Rd2 Bxb3 25. axb3 Nxb3 26. Rd3 Nxd4 27. Rxd4 a5 28. Rb1 Rfb8 29. Rd2 a4 30. Ra2 b3 31. Ra3 Rb4 32. Kf1 Kg7 33. Ke1 Kf6 34. Kd2 Ke5 35. Kc3 Rab8 36.
Rba1 b2 37. Rb1 Ke4 38. Bd1 Rxc4+ 39. Kxc4 Rc8+ 40. Kb5 Rc1 41. Rxb2 Rxd1 42. Rb4+ Kxd5 43. Raxa4 e5 44. Ra5 Rd2 45. Kb6+ Ke6 46. Kc7 Rxf2 47. Rb6 Rd2 48. Raa6 e4 49. Rxd6+ Rxd6 50. Rxd6+ Ke5 51. Rd7 Kf4 52. Rxf7+ Kxg4 53. Rxh7 e3 54. Re7 Kf3 55. Rf7+ Kg2 56. Rg7 e2 57. Rxg6+ Kf2 58. Re6 e1=Q 59. Rxe1 Kxe1 60. h4 Kf2 61. h5 1-0

[Event "Late-Titled-Tuesday-Blitz-September-05-2023"]
[Site "Chess.com"]
[Date "2023.09.05"]
[Round "1"]
[White "stasOR4ik"]
[Black "alexrustemov"]
[Result "0-1"]
[WhiteElo "2458"]
[BlackElo "2879"]
[TimeControl "180+1"]
[EndTime "14:07:39 PDT"]
[Termination "alexrustemov won by checkmate"]

1. c4 c5 2. Nc3 g6 3. g3 Bg7 4. Bg2 Nc6 5. e4 e6 6. h4 h6 7. d3 d6 8. Bf4 a6 9. Qd2 Nge7 10. Nf3 Rb8 11. a4 e5 12. Be3 Be6 13. Nd5 b5 14. axb5 axb5 15. Qc1 bxc4 16. dxc4 Nd4 17.
Nxd4 exd4 18. Bf4 Nc6 19. Kf1 h5 20. Bg5 f6 21. Bf4 O-O 22. Bh3 Bf7 23. g4 hxg4 24.
Bxg4 Re8 25. h5 g5 26. h6 Bf8 27. Nxf6+ Qxf6 28. Bxg5 Qe5 29. Bf5 Be7 30. f4 Bxg5 31. Rg1 Kh8 32. Rxg5 Qf6 33. Qd2 Rg8 34. Qg2 Bxc4+ 35.
Kg1 Ne7 36. Ra7 Nxf5 37. exf5 Bf7 38. Rg7 Rxg7 39. hxg7+ Qxg7 40. f6 Qxg2+ 41. Kxg2 Rxb2+ 42. Kg3 Kg8 43. Kg4 Rb8 44. Kg5 d3 45. Rd7 d5 46.
Re7 d2 47. Kh6 d1=Q 48. f5 Qh5# 0-1

[Event "Late-Titled-Tuesday-Blitz-September-05-2023"]
[Site "Chess.com"]
[Date "2023.09.05"]
[Round "1"]
[White "IngOscarArdila"]
[Black "KNVB"]
[Result "0-1"]
[WhiteElo "2406"]
[BlackElo "2731"]
[TimeControl "180+1"]
[EndTime "14:07:39 PDT"]
[Termination "KNVB won by resignation"]

1. d4 Nf6 2. c4 c5 3. d5 b5 4.
cxb5 a6 5. bxa6 g6 6. Nc3 Bxa6 7. e4 Bxf1 8. Kxf1 d6 9. Nf3 Bg7 10. g3 Nbd7 11. Kg2 O-O 12. Qe2 Qa5 13. Bd2 Rfb8 14.
b3 Ng4 15. Na4 Qa6 16. Qxa6 Rxa6 17. Rac1 Nge5 18. Nxe5 Nxe5 19. f4 Nd3 20. Rc2 Nb4 21. Bxb4 Rxb4 22. Re1 c4 23. Re3 Bd4 24. Rf3 f5 25.
exf5 gxf5 26. Kf1 Kf7 27. Ke2 Ra5 28. Kd2 cxb3 29. axb3 Rxd5 30. Rd3 Rdb5 31. Rc4 Rxc4 32. bxc4 Rb4 33. Rxd4 Rxa4 34. Kc3 Ke6 35. Rd2 Kd7 36. Kd4 Kc6 37. Rb2 d5 38. Ke5 dxc4 39. Kxf5 c3 40.
Rc2 Rc4 41. Ke5 Kc5 42. f5 Kb4 43. Kd5 Kb3 44. Rc1 c2 45. g4 Rxg4 46. Ke6 Re4+ 47. Kd5 Re2 48. h4 h5 49. Kd4 Kb2 50. Rg1 c1=Q 51.
Rxc1 Kxc1 0-1

[Event "Late-Titled-Tuesday-Blitz-September-05-2023"]
[Site "Chess.com"]
[Date "2023.09.05"]
[Round "1"]
[White "oskariot"]
[Black "karpovian123"]
[Result "0-1"]
[WhiteElo "2682"]
[BlackElo "2410"]
[TimeControl "180+1"]
[EndTime "14:07:39 PDT"]
[Termination "karpovian123 won by checkmate"]

1. e4 c6 2. d4 d5 3. Nd2 dxe4 4. Nxe4 Nf6 5. Nxf6+ exf6 6. Be2 Bd6 7. Bf3 O-O 8. Ne2 Re8 9. O-O Na6 10. c4 Bf5 11.
a3 Nc7 12. Nc3 Qd7 13. Be3 Ne6 14. b4 Ng5 15. Be2 Qc7 16. g3 Bh3 17. Re1 Rxe3 18. fxe3 Bxg3 19. Bg4 Bxe1 20. Qxe1 Bxg4 21. Qg3 Qxg3+ 22.
hxg3 Re8 23. Kf2 Ne4+ 24. Nxe4 Rxe4 25. a4 Kf8 26. b5 cxb5 27. axb5 a6 28. bxa6 bxa6 29.
Rxa6 Re6 30. Ra8+ Re8 31. Ra7 Rb8 32. Ra2 Ke7 33. e4 Rb4 34. Rc2 Be6 35. d5 Bd7 36. Ke3 Kd6 37. Kd4 Ba4 38. Ra2 Bb5 39. Rc2 h5 40.
Kd3 Rxc4 41. Rxc4 g5 42. Kd4 Bxc4 43. Kxc4 g4 44. Kd3 Ke5 45. Ke3 f5 46. exf5 Kxd5 47. Kd3 Ke5 48. Ke3 Kxf5 49. Kd4 Kg5 50. Ke4 h4 51. gxh4+ Kxh4 52. Kf4 g3 53. Kf3 Kh3 54. Kf4 g2 55. Kf5 g1=Q 56. Kf6 Qg6+ 57. Ke5 f5 58. Kf4 Qg4+ 59. Ke5 Qe4+ 60. Kf6 f4 61. Kg5 f3 62.
Kf6 f2 63. Kg5 f1=Q 64. Kh6 Qf6+ 65. Kh5 Qg4# 0-1

[Event "Late-Titled-Tuesday-Blitz-September-05-2023"]
[Site "Chess.com"]
[Date "2023.09.05"]
[Round "1"]
[White "JoakimVonAnd"]
[Black "FeketeBarika"]
[Result "1-0"]
[WhiteElo "2738"]
[BlackElo "2409"]
[TimeControl "180+1"]
[EndTime "14:07:40 PDT"]
[Termination "JoakimVonAnd won on time"]

1. c4 e5 2. g3 Nf6 3. Bg2 Nc6 4. Nc3 Bb4 5. Qc2 O-O 6. e3 Re8 7. Nge2 a5 8. O-O d6 9. b3 Bg4 10. Bb2 Qd7 11. d4 e4 12. Nd5 a4 13. Nxf6+ gxf6 14. Nf4 Bf3 15. Bxf3 exf3 16. Qd1 axb3 17. axb3 Rxa1 18.
Bxa1 Qg4 19. h3 Qf5 20. Qxf3 Ra8 21. e4 Qg5 22. h4 Qh6 23. Nd5 Kg7 24. Qg4+ Qg6 25.
Qf4 Ra2 26. Nxc7 Bd2 27. Ne8+ Kf8 28. Qxd6+ Kxe8 29. d5 Ne5 30. Qb8+ Kd7 31. Qxb7+ Ke8 32. Qb8+ Kd7 33. Bxe5 fxe5 34. c5 Be3 35. Qxe5 f6 36. c6+ Kd8 37. Qb8+ Ke7 38. fxe3 Qxe4 39. d6+ Kf7 40.
Qb7+ Kg6 41. h5+ Kh6 42. Rxf6+ Kxh5 43. Qf7+ 1-0

[Event "Late-Titled-Tuesday-Blitz-September-05-2023"]
[Site "Chess.com"]
[Date "2023.09.05"]
[Round "1"]
[White "koncheto"]
[Black "Too_Stupid_To_Play"]
[Result "1-0"]
[WhiteElo "2562"]
[BlackElo "2243"]
[TimeControl "180+1"]
[EndTime "14:07:40 PDT"]
[Termination "koncheto won on time"]

1. e3 e5 2. b3 g6 3. Bb2 Bg7 4. f4 d6 5. Nf3 Nd7 6. g3 Ne7 7. Bg2 O-O 8. O-O f5 9. fxe5 dxe5 10.
e4 Nc6 11. Nc3 Nf6 12. d3 Ng4 13. Nd5 Be6 14. h3 Bxd5 15. hxg4 fxe4 16. dxe4 Bxe4 17. Qe2 Bxf3 18. Rxf3 Nd4 19. Qc4+ Kh8 20. Rxf8+ Qxf8 21. Bxb7 Rb8 22. Rf1 Qe7 23. Rf7 Qg5 24. Rxg7 Kxg7 25.
Qxc7+ Kh6 26. Qxb8 Qxg4 27. Qxe5 Qd1+ 28. Kh2 Qxc2+ 29. Kh3 Qxb2 30. Be4 Qd2 31. Qf4+ Qxf4 32. gxf4 Ne6 33. Kg4 Nc5 34. Bc2 a5 35. a3 Kg7 36. b4 axb4 37. axb4 Nb7 38. b5 Nd6 39. b6 Kf6 40. Be4 h5+ 41. Kf3 Nc8 42. b7 Nd6 43. b8=Q 1-0

[Event "Late-Titled-Tuesday-Blitz-September-05-2023"]
[Site "Chess.com"]
[Date "2023.09.05"]
[Round "1"]
[White "DeTimmerman"]
[Black "emeli_chess"]
[Result "1-0"]
[WhiteElo "2670"]
[BlackElo "2364"]
[TimeControl "180+1"]
[EndTime "14:07:43 PDT"]
[Termination "DeTimmerman won on time"]

1. b4 d5 2. Bb2 Bg4 3. Nf3 Bxf3 4. exf3 Nd7 5. c4 c6 6. Be2 e6 7. O-O Ndf6 8. b5 Bd6 9. a4 Ne7 10. d4 dxc4 11. Nd2 O-O 12. Nxc4 Bc7 13. Ne5 Nfd5 14. bxc6 Bxe5 15. dxe5 Nxc6 16. g3 Nde7 17. f4 Nf5 18.
Ba3 Qxd1 19. Raxd1 Rfd8 20. Bf3 a6 21. Be4 g6 22. Rb1 Rd4 23. Rfe1 Rxa4 24. Bc5 Rxe4 25. Rxe4 b5 26. Re2 Nfe7 27. Ra2 a5 28. Rxb5 Nd5 29. Ra3 h5 30. Kg2 h4 31. Kh3 hxg3 32. hxg3 Kg7 33. Bd6 Rh8+ 34. Kg2 Rc8 35. Rc5 Ndb4 36. Raxa5 Nxa5 37. Rxc8 Nd5 38. Bf8+ Kh7 39. Rb8 Nc4 40. Rb7 Kg8 41.
Bh6 Na5 42. Rd7 Nc4 43. Bg5 Ncb6 44. Rb7 Nc4 45. Bf6 Nxf6 46. exf6 Na5 47. Rc7 Nb3 48. g4 Nd4 49. Rc8+ Kh7 50. Rf8 Ne2 51. Rxf7+ Kg8 52. Rg7+ Kh8 53. Kf3 Nd4+ 54. Ke4 e5 55. Rxg6 Ne2 56. f7 1-0

[Event "Late-Titled-Tuesday-Blitz-September-05-2023"]
[Site "Chess.com"]
[Date "2023.09.05"]
[Round "1"]
[White "Kostukov_Alex"]
[Black "SchmakAttack"]
[Result "0-1"]
[WhiteElo "2417"]
[BlackElo "2776"]
[TimeControl "180+1"]
[EndTime "14:07:44 PDT"]
[Termination "SchmakAttack won on time"]

1. g3 d5 2. Bg2 Nf6 3. d3 g6 4. e4 dxe4 5. dxe4 Qxd1+ 6. Kxd1 Nc6 7. f3 e5 8. Be3 Be6 9. Nd2 O-O-O 10. Bh3 Bd7 11. c3 h5 12. Ke2 Bh6 13. Bxd7+ Nxd7 14.
Bxh6 Rxh6 15. Nh3 f6 16. Rad1 Nc5 17. Nc4 Rhh8 18. Nf2 b5 19. Ne3 Na4 20. Rxd8+ Rxd8 21. Rb1 Ne7 22. Nd3 c5 23. c4 bxc4 24. Nxc4 Nc6 25.
Ke3 Nd4 26. Rc1 Ne6 27. f4 exf4+ 28. gxf4 Kc7 29. b3 Nb6 30. f5 gxf5 31. exf5 Nd5+ 32. Kf2 Ndf4 33. Nxf4 Nxf4 34. Kf3 Rd4 35. Ne3 Kd6 36.
Rc4 Nd3 37. Rxd4+ cxd4 38. Nc4+ Kd5 39. a3 Ne5+ 40. Nxe5 Kxe5 41. b4 Kxf5 42. a4 Ke5 43.
b5 f5 44. a5 Kd5 45. Kf4 Kc5 46. b6 axb6 0-1